 Dungeon Crawl Stone Soup version 0.32-a0-656-g3542139ebd (webtiles) character file.

Game seed: 1356830914194607501

21 Aldia the Sneak (level 2, 0/15 HPs)
             Began as a Vampire Enchanter on Mar 9, 2024.
             Slain by an adder (2 damage)
             ... on level 2 of the Dungeon.
             The game lasted 00:01:23 (847 turns).

Aldia the Sneak (Vampire Enchanter)                  Turns: 847, Time: 00:01:24

Health: 0/15       AC:  2    Str:  7    XL:     2   Next: 62%
Magic:  1/5        EV: 12    Int: 17    God:
Gold:   108        SH:  0    Dex: 14    Spells: 3/5 levels left

rFire   . . .        a - +1 dagger
rCold   + + .        (no shield)
rNeg    + + +        b - +0 robe
rPois   ∞            (no helmet)
rElec   .            (no cloak)
rCorr   .            (no gloves)
SInv    +            (no boots)
Will    .....        (no amulet)
Stlth   +++++        (no ring)
HPRegen 0.00/turn    (no ring)
MPRegen 0.09/turn

%: no passive effects
@: very slightly contaminated, bloodless, inhibited regen
A: bloodless, fangs 3, see invisible, vampiric 1
a: Revivify


You were on level 2 of the Dungeon.
You visited 1 branch of the dungeon, and saw 2 of its levels.

You collected 108 gold pieces.

Inventory:

Hand Weapons
 a - a +1 dagger (weapon)
Armour
 b - a +0 robe (worn)
Jewellery
 d - an amulet of the acrobat
Scrolls
 e - a scroll of revelation {unknown}
 f - a scroll of fog {unknown}
 h - a scroll of teleportation {unknown}
 i - a scroll of identify {unknown}
Potions
 c - 2 potions of invisibility
 g - a potion of cancellation {unknown}


   Skills:
 * Level 2.0 Short Blades
 - Level 2.1 Dodging
 * Level 5.1 Stealth
 - Level 2.0 Spellcasting
 - Level 4.5 Hexes
 + Level 0.3 Ice Magic


You had 3 spell levels left.
You knew the following spells:

 Your Spells              Type           Power      Damage    Failure   Level
a - Ensorcelled Hibernat  Hex/Ice        20%        N/A       11%         2

Your spell library contained the following spells:

 Spells                   Type           Power      Damage    Failure   Level
 Confusing Touch          Hex            17%        N/A       9%          3
 Tukima's Dance           Hex            17%        N/A       9%          3
 Dazzling Flash           Conj/Hex       18%        N/A       22%         3
 Call Imp                 Summ           2%         N/A       28%         2
 Cigotuvi's Dreadful Rot  Necr/Alch/Air  2%         N/A       28%         2
 Sublimation of Blood     Necr           1%         N/A       28%         2
 Ignite Poison            Fire/Alch      1%         N/A       88%         4
 Freezing Cloud           Conj/Ice/Air   1%         6-21      99%         5
 Conjure Ball Lightning   Conj/Air       0%         3x3d6     100%        6
 Summon Hydra             Summ           0%         N/A       100%        7
 Discord                  Hex            8%         N/A       100%        8
 Disjunction              Tloc           0%         N/A       100%        8


Dungeon Overview and Level Annotations

Branches:
Dungeon (2/15)

Altars:


Innate Abilities, Weirdness & Mutations

You do not regenerate when monsters are visible.
You are frail without blood (-20% HP).
You can heal yourself when you bite living creatures.
You are immune to poison.
You have razor-sharp teeth.
You have supernaturally acute eyesight. (SInv)
You are afflicted with vampirism.


Message History

You closely miss the adder. Your bite misses the adder. The adder misses you.
You miss the adder. The adder bites you. The adder closely misses you.
You closely miss the adder. The adder bites you.
Casting: Ensorcelled Hibernation (safe; 11% risk of failure)
Confirm with . or Enter, or press ? or * to list all spells.
Aiming: Ensorcelled Hibernation (safe; 11% risk of failure)
Press: ? - help, Shift-Dir - straight line, f - adder
Aim: an adder (chance to affect: 52%)
The adder resists with significant effort.
The adder bites you.
Unknown command.
Casting: Ensorcelled Hibernation (safe; 11% risk of failure)
Confirm with . or Enter, or press ? or * to list all spells.
Aiming: Ensorcelled Hibernation (safe; 11% risk of failure)
Press: ? - help, Shift-Dir - straight line, f/p - adder
Aim: an adder (chance to affect: 52%)
You miscast Ensorcelled Hibernation.
You are very lightly contaminated with residual magic.
Nothing appears to happen.
The adder bites you.
Unknown command.
Casting: Ensorcelled Hibernation (safe; 11% risk of failure)
Confirm with . or Enter, or press ? or * to list all spells.
You don't have enough magic to cast this spell.
You barely miss the adder. The adder barely misses you.
You closely miss the adder. The adder closely misses you.
The adder completely misses you.
You hit the adder.
The adder is lightly wounded.
The adder bites you.
You hit the adder but do no damage.
The adder is lightly wounded.
The adder barely misses you.
You hit the adder.
The adder is heavily wounded.
The adder bites you.
* * * LOW HITPOINT WARNING * * *
You miss the adder.
The adder is heavily wounded.
The adder bites you.
You die...

###.###.# #.#
##......# ##.##
#...##..#######...####
................†....+
#...##..#####.#...##.#
........# #.##.##
######.## #.##.# #.#
#.##†# #.# #.##@# ..#
#.##S# ## #..... ##...
#####


You could see an adder.

Vanquished Creatures
  2 bats (D:1)
  3 endoplasms (D:1)
  A giant cockroach (D:1)
  2 hobgoblins (D:1)
  A quokka (D:1)
  5 ball pythons
  A frilled lizard (D:1)
  4 rats
19 creatures vanquished.

Notes
Turn   | Place    | Note
-------+----------+-------------------------------------------
     0 | D:1      | Aldia the Vampire Enchanter began the quest for the Orb.
     0 | D:1      | Reached XP level 1. HP: 13/13 MP: 3/3
   248 | D:1      | Reached XP level 2. HP: 15/15 MP: 5/5
   251 | D:1      | Learned a level 2 spell: Ensorcelled Hibernation
   563 | D:1      | Reached skill level 5 in Stealth
   847 | D:2      | Slain by an adder

Illustrated notes

Levels and vault maps discovered:
D:1:      co_arrival_random_square_maze, layout_loops_ring
D:2:      layout_loops_corners, dreamdust_ecumenical_altar_drowned_temple

Skill      XL: |  1  2 |
---------------+-------+-----
Stealth        | 5 |  5.1
Short Blades   | 2 |  2.0
Dodging        | |  2.1
Spellcasting   | |  2.0
Hexes          | |  4.5
Ice Magic      | |  0.3

Action                     || total
---------------------------++-------
  Melee: Dagger            ||    43
         Bite              ||     2
   Cast: Ensorcelled Hiber ||     1
Ability: Exsanguinate      ||     2
   Stab: Sleeping          ||     9
 Armour: Robe              ||    16
  Dodge: Dodged            ||    16

Table legend: (Time is in decaauts)
 A = Elapsed time spent in this place.
 B = Non-inter-level travel time spent in this place.
 C = Inter-level travel time spent in this place.
 D = Time resting spent in this place.
 E = Time spent auto-exploring this place.
 F = Levels seen in this place.
 G = Mean time per level.
                   A        B        C        D        E       F      G
               +--------+--------+--------+--------+--------+-----+--------+
         Total |    843 |    824 |     19 |     33 |    659 |   2 |  421.5 |
       Dungeon |    843 |    824 |     19 |     33 |    659 |   2 |  421.5 |
               +--------+--------+--------+--------+--------+-----+--------+

Top non-repeatable levels by time:
     D:1: 775 daAuts
     D:2: 68 daAuts
